 Dungeon Crawl Stone Soup version 0.27.1-33-g824d729ab1 (webtiles) character file.

Game seed: 16058855747859480200

77 zeram the Poker (level 4, -9/35 HPs)
             Began as a Merfolk Fighter on Dec 13, 2021.
             Mangled by a tentacled starspawn (13 damage)
             ... on level 1 of the Abyss.
             The game lasted 00:03:23 (2901 turns).

zeram the Poker (Merfolk Fighter)                   Turns: 2901, Time: 00:03:25

Health: -9/35      AC:  6    Str: 16    XL:     4   Next: 34%
Magic:  4/4        EV:  4    Int:  8    God:
Gold:   87         SH:  9    Dex: 13    Spells: 3/3 levels left

rFire    . . .     SeeInvis .   a - +0 trident
rCold    . . .     Faith    .   c - +0 kite shield
rNeg     . . .     Spirit   .   b - +0 scale mail
rPois    .         Reflect  .   (no helmet)
rElec    .         Harm     .   (no cloak)
rCorr    .         Rampage  .   (no gloves)
Will     .....                  (no boots)
Stlth    ..........             (no amulet)
HPRegen  0.11/turn              (no ring)
MPRegen  0.09/turn              (no ring)

@: constricted
A: (nimble swimmer 2), mertail
a: no special abilities


You were on level 1 of the Abyss.
You visited 1 branch of the dungeon, and saw 2 of its levels.
You visited the Abyss 1 time.

You collected 87 gold pieces.

Inventory:

Hand Weapons
 a - a +0 trident (weapon)
Armour
 b - a +0 scale mail (worn)
 c - a +0 kite shield (worn)
Scrolls
 e - 2 scrolls of identify
Potions
 d - a potion of might


   Skills:
 - Level 3.2 Fighting
 + Level 4.6 Polearms
 - Level 2.1 Armour
 + Level 0.6 Dodging
 * Level 4.3 Shields


You had 3 spell levels left.
You didn't know any spells.
Your spell library contained the following spells:

 Spells                   Type           Power      Damage    Failure   Level
 Summon Small Mammal      Summ           0%         N/A       99%         1
 Slow                     Hex            0%         N/A       100%        2
 Call Canine Familiar     Summ           0%         N/A       100%        3
 Confusing Touch          Hex            0%         N/A       100%        3
 Summon Guardian Golem    Hex/Summ       0%         N/A       100%        3
 Yara's Violent Unravell  Hex/Tmut       0%         3d3       100%        5


Dungeon Overview and Level Annotations

Branches:
Dungeon (2/15)

Altars:

Shops:
D:1 !

Annotations:
D:2 Crazy Yiuf, Sigmund


Innate Abilities, Weirdness & Mutations

((You are quick and stealthy near water. (Stealth+, EV+, Speed+++)))
Your lower body shifts to a powerful aquatic tail in water.


Message History

Found 15 stones.
There is an empty arch of ancient stone here.
There is nothing on the other side of the stone arch.
There is nothing on the other side of the stone arch.
A vampire comes into view.
The vampire hits you! You block the vampire's attack.
The vampire hits you but does no damage.
The vampire completely misses you.
An ettin simulacrum comes into view.
The vampire points at you and mumbles some strange words.
You resist with significant effort. The vampire casts a spell at you.
You resist with significant effort.
An ufetubus comes into view.
The ufetubus shouts!
A tentacled starspawn comes into view.
Tentacles burst from the starspawn's body! 2 starspawn tentacles come into view.
You block the starspawn tentacle's attack.
You hit the ufetubus but do no damage. You block the ufetubus's attack.
The ufetubus hits you. The starspawn tentacle grabs you.
The starspawn tentacle constricts you.
The ufetubus hits you but does no damage.
The ufetubus hits you.
You escape the starspawn tentacle's grasp.
The vampire barely misses you. You block the vampire's attack.
The ufetubus hits you but does no damage.
The ufetubus barely misses you. The starspawn tentacle grabs you.
The starspawn tentacle constricts you.
The starspawn tentacle loses its grip on you.
The tentacle pulls you backwards! You block the ufetubus's attack.
The ufetubus hits you but does no damage.
You hit the starspawn tentacle.
The starspawn tentacle is lightly damaged.
The starspawn tentacle grabs you. The starspawn tentacle constricts you.
The ufetubus hits you. The ufetubus barely misses you.
The tentacled starspawn bites you!
* * * LOW HITPOINT WARNING * * *
The tentacled starspawn tentacle-slaps you!
You die...

≈≈≈≈#....#.#.#.### #.
≈≈≈. ##..#........#..
# .≈ #.#V..... #.#.
≈≈≈ ≈##.## .#....#..
≈≈≈≈≈≈≈.#.#.#..#.#...
≈≈≈≈≈# ...###.###.#..
#≈≈ ####.#..##. #...
.. #.#V...## ## ...
..≈≈##@5#...# .#
#≈≈wX.##...#
....≈≈w### ####
....≈≈≈ ..#.≈≈≈ .
#...≈ ...#≈≈ .#.#≈≈


You could see a tentacled starspawn, a vampire, 2 starspawn tentacles and an
ufetubus.

Vanquished Creatures
  Jessica (D:2)
  An adder (D:2)
  A gnoll (D:1)
  A dart slug (D:1)
  An endoplasm (D:1)
  A giant cockroach (D:1)
  3 goblins (D:1)
  2 hobgoblins (D:1)
  4 kobolds
  2 quokkas
  2 ball pythons (D:2)
  6 bats
  2 frilled lizards (D:1)
  6 rats
33 creatures vanquished.

Notes
Turn   | Place    | Note
-------+----------+-------------------------------------------
     0 | D:1      | zeram the Merfolk Fighter began the quest for the Orb.
     0 | D:1      | Reached XP level 1. HP: 18/18 MP: 1/1
    76 | D:1      | Reached XP level 2. HP: 24/24 MP: 2/2
   498 | D:1      | Reached XP level 3. HP: 29/29 MP: 3/3
   729 | D:1      | Found Lamawim's Distillery.
  1186 | D:2      | Noticed Jessica
  1197 | D:2      | Killed Jessica
  1198 | D:2      | Reached XP level 4. HP: 5/35 MP: 4/4
  1598 | D:2      | Noticed Sigmund
  1894 | D:1      | HP: 1/35 [something (5)]
  2510 | D:2      | Found a runed translucent door.
  2511 | D:2      | Noticed Crazy Yiuf
  2725 | D:2      | Cast into level 1 of the Abyss (Crazy Yiuf)
  2871 | Abyss:1  | Noticed a ynoxinul
  2883 | Abyss:1  | Noticed a vampire
  2895 | Abyss:1  | Noticed a tentacled starspawn
  2901 | Abyss:1  | Mangled by a tentacled starspawn

Illustrated notes

Levels and vault maps discovered:
D:1:      mainiacjoe_arrival_reflecting_pool, layout_basic, serial_shops, shop
D:2:      layout_basic, serial_bayou, serial_bayou_pond_d,
          serial_bayou_lagoon_a, serial_bayou_ford_a, serial_bayou_shore_a,
          uniq_jessica, uniq_crazy_yiuf_cottage, uniq_sigmund
Abyss:1:  base:
Temple

Skill      XL: |  1  2  3 |
---------------+----------+-----
Polearms       | 4 |  4.6
Shields        | 4 |  4.3
Fighting       | |  3.2
Armour         | |  2.1
Dodging        | |  0.6

Action                   |  1- 3 |  4- 6 || total
-------------------------+-------+-------++-------
Melee: Trident           |    83 |    37 ||   120
  Use: Scroll            |     1 |     1 ||     2
       Potion            |       |     1 ||     1
Armor: Scale mail        |    22 |    12 ||    34
Dodge: Dodged            |    16 |     9 ||    25
Block: Kite shield       |    29 |    18 ||    47
